 Dungeon Crawl Stone Soup version 0.23.2-1-ga50397a (webtiles) character file.

Game seed: 16477563998319766036

261 IBeShadow the Gusty (level 6, 0/37 HPs)
             Began as a Tengu Air Elementalist on May 16, 2019.
             Slain by a hound (6 damage)
             ... on level 4 of the Dungeon.
             The game lasted 00:08:20 (5016 turns).

IBeShadow the Gusty (Tengu Air Elementalist)        Turns: 5016, Time: 00:08:21

Health: 0/37       AC:  4    Str:  9    XL:     6   Next: 18%
Magic:  6/10       EV: 16    Int: 20    God:
Gold:   158        SH:  0    Dex: 15    Spells: 8/9 levels left

rFire    . . .     SeeInvis .   h - +5 mace
rCold    . . .     Gourm    .   (no shield)
rNeg     . . .     Faith    .   f - +0 leather armour {MR+}
rPois    .         Spirit   .   (helmet restricted)
rElec    .         Reflect  .   q - +0 cloak (curse)
rCorr    .         Harm     .   (no gloves)
MR       +....                  (boots unavailable)
Stlth    ++........             l - amulet of magic regeneration
HPRegen  0.12/turn              k - +4 ring of intelligence
MPRegen  0.37/turn              p - +2 ring of evasion

@: flying quickly and evasively, quick
A: beak, talons 3, able to fly
a: Stop Flying


You were on level 4 of the Dungeon.
You were not hungry.

You visited 1 branch of the dungeon, and saw 4 of its levels.

You collected 158 gold pieces.

Inventory:

Hand Weapons
 h - a +5 mace (weapon)
Armour
 a - a +0 robe
 f - a +0 leather armour of magic resistance (worn)
 q - a cursed +0 cloak (worn)
Jewellery
 k - a +4 ring of intelligence (left hand)
 l - an amulet of magic regeneration (around neck)
 m - an uncursed ring of ice
 p - a +2 ring of evasion (right hand)
Scrolls
 b - 5 scrolls of teleportation
 e - 5 scrolls of identify
 g - a scroll of blinking {unknown}
 i - a scroll of remove curse
 j - a scroll of amnesia {unknown}
 r - a scroll of immolation {unknown}
Potions
 d - a potion of might
Comestibles
 c - 7 rations
 o - 6 chunks of flesh


   Skills:
 + Level 3.2 Fighting
 - Level 2.1 Dodging
 - Level 2.0 Stealth
 - Level 2.0 Spellcasting
 + Level 4.6 Conjurations
 + Level 6.0 Air Magic


You had 8 spell levels left.
You knew the following spells:

 Your Spells              Type           Power        Failure   Level  Hunger
a - Shock                 Conj/Air       ###.         2%          1    #......

Your spell library contained the following spells:

 Spells                   Type           Power        Failure   Level  Hunger
 Static Discharge         Conj/Air       ###.....     8%          3    ###....
 Swiftness                Chrm/Air       ##......     10%         2    ##.....
 Airstrike                Air            ####......   19%         4    #####..
 Lightning Bolt           Conj/Air       ###.......   56%         5    ######.


Dungeon Overview and Level Annotations

Branches:
Dungeon (4/15)
 Temple: D:4-7

Altars:
Cheibriados
Hepliaklqana


Innate Abilities, Weirdness & Mutations

You have a beak for a mouth.
You have claws for feet.
You can fly continuously.


Message History

The zap hits the hound.
The hound is severely wounded.
The hound bites you.
* * * LOW HITPOINT WARNING * * *
Casting: Shock (safe; 2% risk of failure)
Confirm with . or Enter, or press ? or * to list all spells.
Aiming: Shock (safe; 2% risk of failure)
Press: ? - help, Shift-Dir - straight line, f/p - hound
Aim: a hound (severely wounded)
The zap misses the hound.
The hound completely misses you. The hound bites you but does no damage.
Casting: Shock (safe; 2% risk of failure)
Confirm with . or Enter, or press ? or * to list all spells.
Aiming: Shock (safe; 2% risk of failure)
Press: ? - help, Shift-Dir - straight line, f/p - hound
Aim: a hound (severely wounded)
The zap hits the hound.
The hound is almost dead.
The hound bites you.
You die...

##### #...# ####### #...#
.......
########...########....?..
#....#........@h....>.....
##....#.############....!..
................ #......
............(... ......
#######.#######. ..... #.#
..... #.# ..## #.# ..# #.#


You could see a hound.

Vanquished Creatures
  A hound (D:3)
  2 worker ants (D:4)
  Robin (D:3)
  3 adders
  3 worms
  4 dart slugs
  3 leopard geckos
  10 orcs
  15 bats
  5 giant cockroaches
  17 goblins
  13 hobgoblins
  8 jackals
  2 quokkas
  3 ball pythons
  3 frilled lizards
  14 kobolds
  8 rats
115 creatures vanquished.

Notes
Turn   | Place    | Note
-------+----------+-------------------------------------------
     0 | D:1      | IBeShadow the Tengu Air Elementalist began the quest for
                  | the Orb.
     0 | D:1      | Reached XP level 1. HP: 10/10 MP: 4/4
   108 | D:1      | Reached XP level 2. HP: 10/16 MP: 0/6
   141 | D:1      | Reached skill level 1 in Fighting
   722 | D:1      | Reached XP level 3. HP: 19/20 MP: 7/7
  2274 | D:2      | Reached skill level 5 in Air Magic
  2274 | D:2      | Reached XP level 4. HP: 25/26 MP: 8/8
  3316 | D:3      | Found a snail-covered altar of Cheibriados.
  3499 | D:3      | Gained mutation: You can fly continuously. [Tengu growth]
  3499 | D:3      | Reached XP level 5. HP: 25/31 MP: 9/9
  3750 | D:3      | Noticed Robin
  3769 | D:3      | Killed Robin
  4097 | D:3      | Found a hazy altar of Hepliaklqana.
  4774 | D:4      | Reached XP level 6. HP: 33/37 MP: 10/10
  4915 | D:4      | Reached skill level 6 in Air Magic
  5016 | D:4      | Slain by a hound

Skill      XL: |  1  2  3  4  5  6 |
---------------+-------------------+-----
Conjurations   | 2 3 4 |  4.6
Fighting       | 1 2 3 |  3.2
Air Magic      | 5 6 |  6.0
Dodging        | |  2.1
Stealth        | |  2.0
Spellcasting   | |  2.0

Action                   |  1- 3 |  4- 6 || total
-------------------------+-------+-------++-------
Melee: Unarmed           |    14 |       ||    14
       Kick              |    10 |    22 ||    32
       Peck              |     8 |    16 ||    24
       Short sword       |    35 |       ||    35
       Mace              |    21 |   136 ||   157
 Cast: Shock             |    28 |    35 ||    63
 Abil: Fly               |       |     1 ||     1
  Use: Scroll            |       |     3 ||     3
       Potion            |       |     1 ||     1
 Stab: Sleeping          |     3 |     6 ||     9
  Eat: Chunk             |     2 |     8 ||    10
       Ration            |     1 |       ||     1
Armor: Robe              |    11 |       ||    11
       Leather armour    |    21 |    28 ||    49
Dodge: Dodged            |    74 |   142 ||   216
